 Seeded DCSS version 0.32-a0-975-g85d4e5bfdb (webtiles) character file.

Game seed: 202404191 (custom seed)

473 Orlauf the Chopper (level 6, -1/50 HPs)
             Began as a Demonspawn Gladiator on Apr 19, 2024.
             Incinerated by a bombardier beetle (5 damage)
             ... with a burning spray
             ... on level 5 of the Dungeon.
             The game lasted 00:04:02 (2098 turns).

Orlauf the Chopper (Demonspawn Gladiator)           Turns: 2098, Time: 00:04:02

Health: -1/50      AC: 13    Str: 16    XL:     6   Next: 83%
Magic:  6/6        EV:  7    Int:  9    God:
Gold:   116        SH:  0    Dex: 20    Spells: 5/5 levels left

rFire   . . .        a - +0 war axe
rCold   . . .        (no shield)
rNeg    . . .        o - +0 chain mail
rPois   .            (helmet restricted)
rElec   .            c - +1 cloak {Will+}
rCorr   .            k - +0 pair of gloves
SInv    .            f - +0 pair of boots
Will    +....        (no amulet) Stlth
                     g - +6 ring of dexterity
HPRegen 0.28/turn    (no ring)
MPRegen 0.10/turn

%: no passive effects
@: on fire, glowing
A: antennae 2, rugged brown scales 1, powered by death 1, demonic magic 1
a: no special abilities


You were on level 5 of the Dungeon.
You visited 1 branch of the dungeon, and saw 4 of its levels.

You collected 116 gold pieces.

Inventory:

Hand Weapons
 a - a +0 war axe (weapon)
 b - a +0 hammer
 r - a +2 hand cannon of electrocution
Missiles
 e - a javelin
 j - 2 throwing nets
Armour
 c - a +1 cloak of willpower (worn)
 f - a +0 pair of boots (worn)
 k - a +0 pair of gloves (worn)
 o - a +0 chain mail (worn)
Jewellery
 g - a +6 ring of dexterity (left hand)
 s - a ring of ice
Wands
 d - a wand of flame (10) (quivered)
Scrolls
 l - a scroll of silence {unknown}
 n - 2 scrolls of teleportation
 t - a scroll of identify
Potions
 h - a potion of enlightenment
 i - a potion of might
 m - a potion of attraction
 p - a potion of magic


   Skills:
 + Level 4.5 Fighting
 * Level 6.0 Axes
 - Level 1.7 Throwing
 - Level 2.6 Dodging


You had 5 spell levels left.
You didn't know any spells.
Your spell library contained the following spells:

 Spells                   Type           Power      Damage    Failure   Level
 Sandblast                Erth           0%         2d4       99%         1
 Call Imp                 Summ           0%         N/A       100%        2
 Sublimation of Blood     Necr           0%         N/A       100%        2
 Frozen Ramparts          Ice            0%         1d1       100%        3
 Ozocubu's Armour         Ice            0%         N/A       100%        3
 Passwall                 Erth           0%         N/A       100%        3
 Stone Arrow              Conj/Erth      0%         3d7       100%        3
 Metabolic Englaciation   Hex/Ice        0%         N/A       100%        5
 Summon Hydra             Summ           0%         N/A       100%        7


Dungeon Overview and Level Annotations

Branches:
Dungeon (5/15)
 Temple: D:4-7

Altars:
Ashenzari


Innate Abilities, Weirdness & Mutations

You have a pair of antennae on your head.
You are partially covered in rugged brown scales. (AC +1, +3% HP)
You regenerate a little health from kills.
Spells you cast may paralyse adjacent enemies.


Message History

You closely miss the hound. The hound bites you but does no damage.
You hit the bombardier beetle.
The bombardier beetle is almost dead.
You slash the hound! The hound bites you.
The hound bites you but does no damage.
The bombardier beetle sprays incendiary fluid at you.
The burning spray hits you.
You are covered in liquid fire!
You slash the bombardier beetle!
You kill the bombardier beetle!
You barely miss the hound. The liquid fire burns you!
The hound closely misses you. The hound bites you but does no damage.
Your Axes skill increases to level 6!
You barely miss the hound.
The hound is severely wounded.
The liquid fire burns you! The hound bites you but does no damage.
The hound closely misses you.
You closely miss the hound.
The hound is severely wounded.
The liquid fire burns you! The hound closely misses you. x2
You barely miss the hound.
The hound is severely wounded.
The liquid fire burns you!
* * * LOW HITPOINT WARNING * * *
The hound bites you but does no damage.
You closely miss the hound.
The hound is severely wounded.
The liquid fire burns you!
* * * LOW HITPOINT WARNING * * *
The hound bites you but does no damage. x2
You shake off some of the fire as you move.
The liquid fire burns you!
* * * LOW HITPOINT WARNING * * *
The hound attacks as it pursues you!
The hound bites you but does no damage. x2
You closely miss the hound.
The hound is severely wounded.
The liquid fire burns you!
You die...

#.........##
##.#........#
#...........##
##..$.........#
##.............#
##...#....!......
##...##...†.......
##....##...h....$.#
##.<...###..@......#
##....#.#
##.......##
##....##.# #......##
##...###..# ##.....#
##...## ..# #######
...### #..# ..##
#..# .## #..# ##


You could see a hound.

Vanquished Creatures
  Sigmund (D:2)
  A water moccasin (D:5)
  An ice beast (D:5)
  A bombardier beetle (D:5)
  Crazy Yiuf (D:2)
  A ribbon worm (D:2)
  3 dart slugs
  6 ball pythons
  5 bats
  11 endoplasms
  4 giant cockroaches
  A hobgoblin (D:1)
  A jackal (D:1)
  4 quokkas
  2 frilled lizards
  7 kobolds
  3 rats
53 creatures vanquished.

Notes
Turn   | Place    | Note
-------+----------+-------------------------------------------
     0 | D:1      | Orlauf the Demonspawn Gladiator began the quest for the
                  | Orb.
     0 | D:1      | Reached XP level 1. HP: 16/16 MP: 1/1
    57 | D:1      | Reached skill level 3 in Axes
   101 | D:1      | Gained mutation: You are partially covered in rugged brown
                  | scales. (AC +1, +3% HP) [demonic ancestry]
   101 | D:1      | Reached XP level 2. HP: 16/22 MP: 2/2
   478 | D:1      | Gained mutation: Spells you cast may paralyse adjacent
                  | enemies. [demonic ancestry]
   478 | D:1      | Reached XP level 3. HP: 19/28 MP: 3/3
   732 | D:2      | Found a broken altar of Ashenzari.
  1266 | D:2      | Noticed Sigmund
  1281 | D:2      | Killed Sigmund
  1282 | D:2      | Reached skill level 5 in Axes
  1282 | D:2      | Gained mutation: You regenerate a little health from kills.
                  | [demonic ancestry]
  1282 | D:2      | Reached XP level 4. HP: 34/38 MP: 4/4
  1282 | D:2      | Gained mutation: You have a pair of small antennae on your
                  | head. [demonic ancestry]
  1282 | D:2      | Reached XP level 5. HP: 39/43 MP: 5/5
  1322 | D:2      | Found a runed translucent door.
  1323 | D:2      | Noticed Crazy Yiuf
  1542 | D:2      | Killed Crazy Yiuf
  1997 | D:3      | You fall into a shaft and drop 2 floors!
  1997 | D:5      | Entered Level 5 of the Dungeon
  2000 | D:5      | Noticed an ice beast
  2016 | D:5      | Killed an ice beast
  2017 | D:5      | Gained mutation: You have a pair of antennae on your head.
                  | [demonic ancestry]
  2017 | D:5      | Reached XP level 6. HP: 43/49 MP: 6/6
  2043 | D:5      | Noticed a water moccasin
  2052 | D:5      | Killed a water moccasin
  2093 | D:5      | Reached skill level 6 in Axes
  2098 | D:5      | Incinerated by a bombardier beetle

Illustrated notes

Levels and vault maps discovered:
D:1:      mainiacjoe_arrival_reflecting_pool, layout_rooms, minmay_cupped
D:2:      layout_basic, basic_altar, uniq_crazy_yiuf_cottage, uniq_sigmund
D:3:      layout_loops_ring
D:5:      layout_cave_pods, serial_shops, shop

Skill      XL: |  1  2  3  4  5  6 |
---------------+-------------------+-----
Axes           | 3 5 6 |  6.0
Fighting       | 3 4 |  4.5
Throwing       | |  1.7
Dodging        | |  2.6

Action                     |  1- 3 |  4- 6 || total
---------------------------+-------+-------++-------
  Melee: War axe           |   109 |    51 ||   160
  Throw: Throwing net      |     3 |     2 ||     5
  Evoke: Wand              |       |     5 ||     5
    Use: Scroll            |     2 |     4 ||     6
         Potion            |       |     4 ||     4
   Stab: Sleeping          |     3 |       ||     3
         Held in net/web   |     3 |       ||     3
 Armour: Leather armour    |    11 |       ||    11
         Ring mail         |    70 |       ||    70
         Chain mail        |    13 |    61 ||    74
         Skin              |       |    10 ||    10
  Dodge: Dodged            |    74 |    23 ||    97

Table legend: (Time is in decaauts)
 A = Elapsed time spent in this place.
 B = Non-inter-level travel time spent in this place.
 C = Inter-level travel time spent in this place.
 D = Time resting spent in this place.
 E = Time spent auto-exploring this place.
 F = Levels seen in this place.
 G = Mean time per level.
                   A        B        C        D        E       F      G
               +--------+--------+--------+--------+--------+-----+--------+
         Total |   2143 |   2086 |     57 |     89 |   1432 |   4 |  535.8 |
       Dungeon |   2143 |   2086 |     57 |     89 |   1432 |   4 |  535.8 |
               +--------+--------+--------+--------+--------+-----+--------+

Top non-repeatable levels by time:
     D:2: 1164 daAuts
     D:1: 567 daAuts
     D:3: 304 daAuts
     D:5: 107 daAuts
